[Event "ITT 1st Parada Jamundi 2022"]
[Site "Jamundi Valle"]
[Date "2022.12.07"]
[Round "2.12"]
[White "Gonzalez Velasco, Leandro"]
[Black "Arango Arenas, Juan Camilo"]
[Result "0-1"]
[ECO "B34"]
[WhiteElo "1915"]
[BlackElo "2202"]
[Annotator "TA"]
[PlyCount "82"]
[EventDate "2022.12.05"]
[EventType "swiss"]
[EventCountry "COL"]
[SourceTitle "playchess.com"]
[Source "ChessBase"]
[SourceQuality "1"]
[TimeControl "5400+30"]

1. e4 c5 2. Nf3 g6 3. d4 cxd4 4. Nxd4 Nc6 5. Nc3 Bg7 6. Be3 Nf6 7. Nxc6 bxc6 8. e5 Ng8 9. Bd4 f6 10. f4 Qa5 11. Qe2 {[%emt 0:02:26] 11.Qd2 is more fashionable.} fxe5 {[%emt 0:00:29] B34: Sicilian: Accelerated Dragon with 5 Nc3: sidelines.} (11... c5 $5 12. Be3 fxe5 $11) 12. Bxe5 (12. fxe5 Nh6 13. Qc4 Nf5 $17) 12... Nf6 13. O-O-O O-O $1 {[%emt 0:01:55] [#] The position is equal.} 14. Kb1 $146 (14. Qc4+ $11 Kh8 15. h3) ({Predecessor:} 14. Qc4+ Kh8 15. h4 d6 16. h5 gxh5 17. Bd4 Bg4 18. Be2 Rab8 19. Bxg4 hxg4 20. Rde1 {0-1 (50) Ronka,E (2324)-Slugin,S (2353) Chess.com INT 2021}) 14... d6 $1 $17 15. Bxf6 Bxf6 16. Ne4 Bg7 ({And not} 16... Be6 17. Nxf6+ Rxf6 18. b3 $11) 17. Qc4+ d5 18. Qxc6 (18. Qc5 $142 Qb6 19. Qxb6 axb6 20. Nf2) 18... Rb8 19. Qxd5+ Qxd5 {[%emt 0:00:13] Really sharp!} 20. Rxd5 Rxb2+ ({Stronger than} 20... Bxb2 21. Rb5 Rxb5 22. Bxb5 $11) (20... Bb7 $142 21. Bc4 e6) 21. Kc1 $19 Bb7 {[%emt 0:00:10] A strong pair of Bishops.} (21... Rxf4 $2 22. Rd8+ Rf8 23. Bc4+ e6 24. Rxc8 $1 Rxc8 25. Bxe6+ Kf8 26. Bxc8 $18) (21... Rxa2 $19 22. Rb5 Ra1+ 23. Rb1 Ra4) 22. Bc4 $17 {[%emt 0:04:45] [#] Rf5+ is the strong threat.} e6 {[%emt 0:00:10] Inhibits Rf5. Black is more active.} (22... Kh8 $1 $17 {[%cal Ob2b4] And now ...Rb4! would win.} 23. Ng5 Rb4) 23. Rd7 $1 $11 Bxe4 24. Rxg7+ $1 {[%emt 0:00:13][%mdl 64] Remove Defender} Kxg7 25. Kxb2 Bxg2 {[%emt 1:01:14][%mdl 4096] Endgame KRB-KRB} 26. Rd1 Rxf4 27. Bxe6 Kf6 28. Bb3 h5 29. c4 g5 30. c5 Ke5 31. Rd6 {[%emt 0:06:45] Inhibits Bc6.} Rf6 32. Rd7 Be4 33. Kc3 {[%emt 0:00:31] aiming for Re7+.} g4 34. Rxa7 h4 {[%emt 0:00:00] Hoping for ...g3.} 35. Rg7 {[%emt 0:00:29] Inhibits g3.} g3 36. hxg3 {[%emt 0:00:24] Black must now prevent Rg5+.} h3 (36... Rf3+ $11 37. Kb4 h3 38. Re7+ Kd4) 37. Rg5+ $2 {[%emt 0:00:10][%mdl 8192] White does not recover from this.} (37. Re7+ $14 {was forced to keep a grip.} Kf5 38. Rh7) 37... Rf5 $19 38. Rg4 (38. Rg8 $19 h2 39. Re8+ Kf6 40. Rf8+ Ke7 41. Rh8) 38... h2 {[%emt 0:00:00] Black mates.} 39. Rh4 h1=Q ({Inferior is} 39... h1=B 40. Bc2 $11) 40. Rxh1 Bxh1 41. Kb4 Kd4 {[%emt 0:08:00] Weighted Error Value: White=0.54/Black=0.20 (precise)} 0-1

[Event "ITT 1st Parada Jamundi 2022"]
[Site "Jamundi Valle"]
[Date "2022.12.07"]
[Round "3.1"]
[White "Henriquez Villagra, Cristobal"]
[Black "Mirzoev, Azer"]
[Result "1/2-1/2"]
[ECO "D02"]
[WhiteElo "2587"]
[BlackElo "2462"]
[Annotator "TA"]
[PlyCount "87"]
[EventDate "2022.12.05"]
[EventType "swiss"]
[EventCountry "COL"]
[SourceTitle "playchess.com"]
[Source "ChessBase"]
[SourceQuality "1"]
[TimeControl "5400+30"]

1. d4 d5 2. Bf4 c6 3. e3 Qb6 4. Qc1 Nf6 5. Nf3 Bf5 6. Be2 Nbd7 {[%emt 0:00:40] D02: 1 d4 d5 2 Nf3 sidelines, including 2...Nf6 3 g3 and 2...Nf6 3 Bf4.} 7. h3 e6 8. O-O Be7 {[%emt 0:00:18] The position is equal.} 9. c4 a5 10. Nc3 Ne4 {[%emt 0:03:53] [#]} 11. Ne5 $146 ({Predecessor:} 11. a3 a4 12. Nd2 Ndf6 13. f3 Nxd2 14. Qxd2 O-O 15. c5 Qa5 16. Bd1 b5 17. cxb6 {1-0 (56) Tristan,L (2561)-Turzo,A (2340) Chess.com INT 2022}) 11... Nxe5 12. Bxe5 O-O 13. c5 Nxc3 14. bxc3 $14 (14. cxb6 $2 {loses.} Nxe2+ 15. Kh2 Nxc1 $19) 14... Qa7 15. c4 b6 16. cxb6 Qxb6 17. c5 Qb4 18. Rd1 Bf6 19. Bxf6 gxf6 20. h4 (20. Bd3 $1 $16 ) 20... Rfb8 $11 21. Rd2 h6 22. Bd3 Bxd3 23. Rxd3 a4 {[%emt 0:02:57] Prevents Rb3.} 24. Qd1 Kh7 25. Kh2 Rb7 26. Rc1 f5 (26... Rg8 {with more complications.} 27. Qe2 Qa5 28. Ra3 f5) 27. Qe2 Rg8 28. g3 Qa5 29. Kg2 Rgb8 30. Qh5 Qc7 31. Ra3 Rb4 32. Rf1 Rg8 {[%emt 0:00:00] White must now prevent ...Rg4.} 33. Qf3 Rgb8 34. Kh3 ({White should try} 34. Qh5 $11) 34... Rg8 (34... Qb7 $15) 35. Rg1 (35. Kg2 $11) 35... Qb8 $15 36. Qh5 $2 (36. Kg2 $15) 36... Qc7 $2 ({Black should play} 36... Rb2 $1 $19 37. f4 (37. Rxa4 $2 {too greedy.} Rxf2 38. a3 Qb2 $19) (37. Qxf7+ $2 Rg7 $19) 37... Rg7) 37. Qd1 (37. Qf3 $1 $11 {remains equal.}) 37... Qa5 (37... Rb2 $17 38. Qxa4 Rxf2) 38. Qc2 (38. Qe2 $15) 38... Qb5 $1 $17 39. Kg2 (39. Re1 $17) 39... Ra8 (39... Rb2 $1 $19 {[%cal Rb2c2] has better winning chances.} 40. Qd1 Ra8) 40. Qd1 {[%emt 0:00:00] [#]} (40. Qd3 $17) 40... Rb2 $1 $19 41. Qh5 {[%emt 0:00:00] [#]} Ra7 42. Qd1 Ra8 $2 (42... Qb4 $19 43. Qd3 Rd2) 43. Rf1 $2 (43. Qh5 $11 {and White is okay.} Ra7 44. Rc1) 43... Qb4 44. Rg1 $2 {[%emt 0:00:30][%mdl 32768] Weighted Error Value: White=0.42/Black=0.26 (precise) . An unexpected result.} (44. Qd3) 1/2-1/2

[Event "ITT 1st Parada Jamundi 2022"]
[Site "Jamundi Valle"]
[Date "2022.12.07"]
[Round "3.2"]
[White "Cruz, Cristhian"]
[Black "Cardoso Cardoso, Jose Gabriel"]
[Result "0-1"]
[ECO "D00"]
[WhiteElo "2552"]
[BlackElo "2483"]
[Annotator "TA"]
[PlyCount "61"]
[EventDate "2022.12.05"]
[EventType "swiss"]
[EventCountry "COL"]
[SourceTitle "playchess.com"]
[Source "ChessBase"]
[SourceQuality "1"]
[TimeControl "5400+30"]

1. d4 Nf6 2. Nc3 d5 3. Bf4 a6 4. e3 b5 5. Nf3 e6 6. Bd3 {[%emt 0:05:07] D00: 1 d4 d5: Unusual lines.} c5 7. dxc5 Bxc5 8. O-O {[%emt 0:05:58] The position is equal.} Bb7 9. Ne2 O-O {[%emt 0:01:12] [#]} 10. Ned4 $146 ({Predecessor:} 10. a4 b4 11. c3 bxc3 12. Nxc3 Nc6 13. Qb3 Na5 14. Qd1 Qb6 15. Na2 Nc6 16. b4 Nxb4 {1-0 (41) Vetokhin,S (2309)-Lazavik,D (2436) Chess.com INT 2021}) 10... Bd6 11. c3 Re8 {[%emt 0:04:02] [#] ...e5 is the strong threat.} 12. Bxd6 (12. Ne5 {is interesting.} Qc7 13. Ng4 Nbd7 14. Bxd6 Qxd6 15. f4) 12... Qxd6 13. Be2 e5 14. Nb3 (14. Nf5 $5 Qc5 15. a4 $15) 14... Bc6 15. Na5 Bd7 $1 {[%emt 0:00:16] Against a4} 16. Nd2 Qc7 17. Ndb3 Nc6 18. Nxc6 Qxc6 19. Nc1 a5 20. Nd3 Qb6 21. a3 Rac8 22. Rc1 Bf5 23. Re1 h6 24. Qb3 Qc6 25. Red1 Qc4 26. Qc2 d4 27. Qd2 $2 {[%emt 0:03:39] [#] Now White is beyond hope.} (27. exd4 $11 exd4 28. Qd2) 27... Ne4 $19 28. Nxe5 Nxd2 29. Bxc4 Nxc4 30. Nxc4 bxc4 ({And not} 30... Rxc4 31. Rxd4 f6 32. Rcd1 $17) 31. Rxd4 {[%emt 0:00:21] Weighted Error Value: White=0.24 (precise) /Black=0.05 (flawless)} 0-1

[Event "ITT 1st Parada Jamundi 2022"]
[Site "Jamundi Valle"]
[Date "2022.12.07"]
[Round "3.3"]
[White "Campos Gomez, Manuel"]
[Black "Herrera, Juan Sebastian"]
[Result "1/2-1/2"]
[ECO "E68"]
[WhiteElo "2322"]
[BlackElo "2297"]
[Annotator "TA"]
[PlyCount "72"]
[EventDate "2022.12.05"]
[EventType "swiss"]
[EventCountry "COL"]
[SourceTitle "playchess.com"]
[Source "ChessBase"]
[SourceQuality "1"]
[TimeControl "5400+30"]

1. Nf3 Nf6 2. g3 g6 3. Bg2 Bg7 4. O-O O-O 5. c4 d6 6. d4 Nbd7 7. Nc3 e5 8. e4 a6 9. Re1 exd4 10. Nxd4 (10. Qxd4 Re8 $11) 10... Ne5 {[%emt 0:00:04] E68: King's Indian: Fianchetto: 6...Nbd7 7 0-0 e5 8 e4.} 11. b3 c5 {[%emt 0:00:07] Against f4} 12. Nc2 Nc6 {[%emt 0:00:22] White is slightly better.} 13. Bb2 {[%emt 0:03:00] [#]} Rb8 $146 ({Predecessor:} 13... Ne8 14. Na4 Bxb2 15. Nxb2 Nc7 16. Na4 Ne6 17. Nc3 Ned4 18. Nxd4 Nxd4 19. Re3 Qf6 {1-0 (45) Olarasu,G (2311)-Srebrnic,M (2225) Nova Gorica 2004}) 14. Qd2 b5 15. cxb5 axb5 16. Rad1 {[%emt 0:00:27] And now e5 would win.} Ne8 17. Ne3 Qa5 18. h4 h5 19. Kh1 Bd7 20. f4 b4 21. Na4 (21. Ncd5 $14) 21... Nd4 22. e5 Bxa4 (22... dxe5 23. Nc4 Qa7 24. Nxc5 $1 $16 ) 23. bxa4 Qxa4 (23... dxe5 {simplifies} 24. fxe5 Nc7 25. Bxd4 cxd4 26. Qxd4 Qxe5 27. Qxe5 Bxe5 28. Kh2 b3) 24. Bxd4 cxd4 25. Nd5 {[%emt 0:04:50] Threatens to win with f5.} b3 {[%emt 0:01:29] Prevents f5.} ({Much less strong is} 25... dxe5 26. fxe5 Kh7 27. Qxd4 Qxa2 28. Nxb4 $14) (25... Qa3 $11) 26. axb3 $1 $14 {[%emt 0:01:55] White has more active pieces. The black rooks are badly placed.} (26. Qxd4 $2 {loses.} Qxd4 27. Rxd4 dxe5 28. fxe5 bxa2 $19) 26... Rxb3 27. Kh2 ({Much weaker is} 27. Qxd4 Qxd4 28. Rxd4 Rxg3 $15) (27. e6 $16 fxe6 {[#]} 28. Qc2 $1) 27... dxe5 $11 28. fxe5 Kh7 29. Qxd4 Qxd4 30. Rxd4 Nd6 {Against Rc4} 31. exd6 $2 Bxd4 $19 32. d7 Rd8 {[%emt 0:00:30][%cal Od4f2] ...Bf2! is the strong threat.} 33. Re7 Kg7 34. Nc7 Kf6 {[%emt 0:00:30] Prevents Ne6.} 35. Nd5+ Kg7 36. Nc7 $1 Kf6 $2 {[%emt 0:01:00] Weighted Error Value: White=0.31/Black=0.35} ({Black should play} 36... Bf2 $19 37. Bd5 Bxg3+ 38. Kg2 Rd3 39. Rxf7+ Kh6) 1/2-1/2

[Event "ITT 1st Parada Jamundi 2022"]
[Site "Jamundi Valle"]
[Date "2022.12.07"]
[Round "3.4"]
[White "Cori Quispe, Kevin Joel"]
[Black "Avila Pavas, Santiago"]
[Result "0-1"]
[ECO "B76"]
[WhiteElo "2469"]
[BlackElo "2461"]
[Annotator "TA"]
[PlyCount "96"]
[EventDate "2022.12.05"]
[EventType "swiss"]
[EventCountry "COL"]
[SourceTitle "playchess.com"]
[Source "ChessBase"]
[SourceQuality "1"]
[TimeControl "5400+30"]

1. e4 c5 2. Nf3 g6 3. d4 cxd4 4. Nxd4 Nf6 5. Nc3 d6 6. Be3 Bg7 7. f3 Nc6 8. Qd2 O-O 9. g4 Bxg4 10. fxg4 Nxg4 11. Nb3 a5 {[%emt 0:00:17] aiming for ...a4.} 12. a4 {[%emt 0:00:00] B76: Sicilian Dragon: Yugoslav Attack, 9 g4 and 9 0-0-0.} d5 13. exd5 ({But not} 13. Nxd5 $6 e6 14. Bg5 f6 $11) 13... Nb4 {[%emt 0:00:09] [#]} (13... Bxc3 $16 {keeps fighting.} 14. bxc3 (14. Qxc3 $2 {loses.} Nb4 $19) 14... Nxe3) 14. O-O-O $2 ({White must play} 14. Bg5 $1 $18) 14... Rc8 $1 $11 {[%emt 0:01:48][%cal Oc8c3] [#] Threatens to win with ...Rxc3!} 15. Bh3 $146 ({Predecessor:} 15. Kb1 Nxe3 16. Qxe3 Bxc3 17. bxc3 Nxd5 18. Rxd5 Qxd5 19. Rg1 Qc6 20. Bb5 Qxc3 21. Qxc3 Rxc3 22. Nxa5 {½-½ (44) Martins,C (2221)-Santos,M (2309) Rio de Janeiro 2013}) 15... Rxc3 {[%emt 0:11:22][%mdl 64] Remove Defender} 16. bxc3 Na2+ {[%emt 0:00:15] Pair of Knights!} 17. Kb2 $2 {[%emt 0:00:00][%mdl 8192] Now White is beyond hope.} ({White has to play} 17. Kb1 $15 Nxc3+ 18. Kc1) 17... Bxc3+ $19 18. Qxc3 Nxc3 {[%emt 0:00:13] The board is on fire.} 19. Bxg4 Nxd1+ 20. Rxd1 Qd6 21. Rd2 Qe5+ 22. Bd4 Qxd5 {[%emt 0:00:05] ...Qc6 is the strong threat.} 23. Bc3 Qc6 24. Bd7 Qc7 {[%emt 0:00:01] Hoping for ...Rd8.} 25. Bb5 b6 26. Re2 Rc8 27. Be5 Qb7 28. Nd2 Qd5 29. Bc3 Kf8 30. Re3 (30. Nb3 $142) 30... Rc5 31. Be2 Qg2 32. Nf3 Qg4 33. Rd3 {[%emt 0:00:32][%cal Rd3d8] [#]} Rxc3 $1 34. Rxc3 Qxa4 {[%emt 0:00:01] Strongly threatening ...Qb4+.} 35. Rb3 Qe4 {[%emt 0:00:11] Black is clearly winning.} 36. Bd1 g5 37. Rd3 g4 38. Nd2 Qe5+ 39. Kb3 h5 40. Nf1 f5 41. h3 Qe6+ 42. Kb2 Qe1 43. Ne3 f4 44. Nd5 Qe5+ 45. Kc1 g3 46. Bf3 Qe1+ 47. Kb2 e6 48. Nc3 Qf1 {[%emt 0:01:18] Weighted Error Value: White=0.62/Black=0.19 (very precise)} 0-1

[Event "ITT 1st Parada Jamundi 2022"]
[Site "Jamundi Valle"]
[Date "2022.12.07"]
[Round "3.5"]
[White "Zuluaga Mancilla, Cesar"]
[Black "Delgado Ramirez, Neuris"]
[Result "0-1"]
[ECO "D30"]
[WhiteElo "2230"]
[BlackElo "2572"]
[Annotator "TA"]
[PlyCount "64"]
[EventDate "2022.12.05"]
[EventType "swiss"]
[EventCountry "COL"]
[SourceTitle "playchess.com"]
[Source "ChessBase"]
[SourceQuality "1"]
[TimeControl "5400+30"]

1. d4 Nf6 2. Nf3 e6 3. c4 d5 4. e3 a6 5. Nbd2 c5 6. cxd5 {[%emt 0:04:48] D30: Queen's Gambit Declined: Systems without Nc3.} exd5 7. dxc5 Bxc5 8. Nb3 {[%emt 0:00:05] The position is equal.} Bb6 9. Be2 O-O 10. O-O Nc6 11. Bd2 {[%emt 0:01:03] [#]} Re8 $146 (11... Bc7 {with more complications.} 12. Bc3 Ne4 13. Rc1 Qd6) ({Predecessor:} 11... Ne4 12. Bc3 Nxc3 13. bxc3 Bf5 14. Bd3 Bg4 15. Rb1 Rc8 16. Nbd4 Ne5 17. Be2 Nxf3+ 18. Bxf3 Bxf3 19. Qxf3 Bxd4 20. cxd4 {0-1 (54) Buhmann,R (2617)-Socko,B (2636) Austria 2012}) 12. Bc3 Ne4 13. Bd4 (13. Rc1 {simplifies} Qd6 14. Nbd2 Qh6 15. Nxe4 dxe4 16. Nd2) 13... Bc7 14. Rc1 Qd6 (14... a5 {simplifies} 15. Nc5 Nxd4 16. exd4 Nxc5 17. dxc5 Bd7) 15. g3 Bh3 16. Re1 Rad8 17. Nc5 Bc8 18. a3 Qh6 19. Qc2 Bb8 (19... Nxf2 $2 20. Kxf2 Bg4 21. Kg1 $18 (21. Nxb7 Rc8 $14)) (19... Re7 $5 ) 20. Bf1 (20. Bd3 {simplifies} Nxc5 21. Bxc5 Bg4 22. Nh4) 20... Bg4 21. Bg2 Rc8 {[%emt 0:00:35] White must now prevent ...b6. Black is more active.} 22. Qb3 {[%emt 0:19:21] [#] Against b6} (22. Qd3 $15) 22... Nxf2 $1 $19 {[%emt 0:13:27] And now ...Nh3+ would win.} ({And not} 22... Nxd4 23. exd4 b6 24. Nd3 $11) 23. Qxd5 {[%emt 0:08:39] [#]} (23. Nd3 $142 Nxd3 24. Qxd3) 23... Nh3+ $1 24. Bxh3 Qxh3 25. Ng5 Qh5 {[%emt 0:00:10] ...Ne5 is the strong threat. Chess con chili.} 26. Nxb7 (26. Qxf7+ $142 Qxf7 27. Nxf7) 26... Be6 {[%emt 0:03:06][%cal Bg4e6,Be6d5,Bd5b7][%mdl 96] Deflection} 27. Qf3 Qxg5 28. Rxc6 Bd5 29. Rxc8 Rxc8 (29... Bxf3 $2 30. Rxe8#) 30. e4 Bxb7 31. Qb3 Qd2 {[%emt 0:02:41] ( -> ...Bxe4)} 32. Bf2 {[%emt 0:00:22] [#]} (32. Qb4 $19 Qxb4 33. axb4) 32... Ba7 $1 {[%emt 0:01:11][%mdl 512] Weighted Error Value: White=0.52/Black=0.05 (flawless)} 0-1

[Event "ITT 1st Parada Jamundi 2022"]
[Site "Jamundi Valle"]
[Date "2022.12.07"]
[Round "3.6"]
[White "Arango Arenas, Juan Camilo"]
[Black "Larino Nieto, David"]
[Result "1/2-1/2"]
[ECO "B06"]
[WhiteElo "2202"]
[BlackElo "2466"]
[Annotator "TA"]
[PlyCount "71"]
[EventDate "2022.12.05"]
[EventType "swiss"]
[EventCountry "COL"]
[SourceTitle "playchess.com"]
[Source "ChessBase"]
[SourceQuality "1"]
[TimeControl "5400+30"]

1. e4 c6 2. d4 g6 3. h4 {[%emt 0:02:55] [#]} h6 $146 ({Predecessor:} 3... d5 4. e5 h5 5. Bd3 Nh6 6. Ne2 c5 7. dxc5 Nc6 8. Nbc3 Ng4 9. Bb5 e6 10. Bg5 Qc7 11. Bxc6+ bxc6 12. Qd4 {½-½ (50) Bachmann,A (2599)-Larino Nieto,D (2461) chess24.com INT 2020}) 4. h5 g5 5. f4 gxf4 6. Bxf4 {[%emt 0:00:24] B06: Modern Defence.} d6 7. Nc3 Bg7 (7... Qb6 $14 {deserves consideration.}) 8. Qd2 {[%emt 0:02:47] White is better.} b5 9. Nf3 {[%emt 0:01:25] White is more active.} Nd7 (9... Nf6 $16 {might work better.}) 10. e5 $18 b4 {[%emt 0:01:13] [#] ...dxe5 is the strong threat.} 11. Ne4 d5 12. Ng3 (12. Nc5 $18) 12... a5 (12... e6 $16 {is a better defense.}) 13. e6 fxe6 14. Bd3 {[%emt 0:00:43] Hoping for Bg6+.} Qb6 15. Bg6+ Kd8 16. Ne5 Nxe5 (16... Bxe5 $16 17. dxe5 c5) 17. dxe5 a4 18. Ne2 {[%emt 0:17:08][%mdl 1024] White has strong compensation.} Ba6 19. Rh3 Kd7 20. O-O-O Rf8 {[%emt 0:01:22] Threatens to win with ...Bxe2.} 21. Rf3 c5 22. Bh2 Rxf3 23. gxf3 {[%emt 0:00:02] aiming for Bf7. Dancing on a razor blade.} Qb5 $2 (23... d4 24. Bf7 b3 25. axb3 axb3 26. cxb3 Bb7) 24. Nf4 {[%emt 0:01:43][%cal Of4d5] Black must now prevent Nxd5!} Qc4 25. Bf7 Qxa2 26. Bxe6+ Kc7 27. Qxd5 (27. Nxd5+ $142 Kb7 28. Qe3) 27... Qa1+ 28. Kd2 Qxb2 29. Qd7+ (29. Bxg8 Qc3+ 30. Kc1 Qa1+ 31. Kd2 Qc3+ 32. Kc1 Qa1+ 33. Kd2 Qc3+ $11) 29... Kb8 30. Qd8+ Ka7 31. Qc7+ ({Not} 31. Bxg8 Qxe5 32. Qd7+ Kb8 33. Qe8+ Kb7 34. Qd7+ Kb8 35. Qe8+ Kb7 36. Qd7+ Kb8 $11) 31... Bb7 32. Qa5+ Kb8 33. Qd8+ (33. Nd3 $142 Qc3+ 34. Ke2) 33... Ka7 34. Qa5+ ({Weaker is} 34. Bxg8 Qc3+ 35. Kc1 b3 $19) (34. Ne2 $142 Bxe5 35. Qa5+ Kb8 {[#]} 36. Rb1 $3 ) 34... Kb8 35. Qd8+ Ka7 36. Qa5+ $2 {[%emt 0:02:09] Weighted Error Value: White=0.72/Black=0.55} (36. Bxg8 $2 {perishes.} Qc3+ 37. Kc1 b3 $17) (36. Nd3 $18 Qc3+ 37. Ke2) 1/2-1/2

[Event "ITT 1st Parada Jamundi 2022"]
[Site "Jamundi Valle"]
[Date "2022.12.07"]
[Round "3.7"]
[White "Aguero Jimenez, Luis Lazaro"]
[Black "Malka, Samuel"]
[Result "1/2-1/2"]
[ECO "B07"]
[WhiteElo "2465"]
[BlackElo "2265"]
[Annotator "TA"]
[PlyCount "78"]
[EventDate "2022.12.05"]
[EventType "swiss"]
[EventCountry "COL"]
[SourceTitle "playchess.com"]
[Source "ChessBase"]
[SourceQuality "1"]
[TimeControl "5400+30"]

1. Nf3 Nf6 2. g3 g6 3. Bg2 Bg7 4. O-O O-O 5. d4 d6 6. Nc3 Nbd7 7. e4 e5 8. h3 b6 {[%emt 0:03:00] 8...Re8 gains popularity. B07: Pirc Defence: Miscellaneous Systems.} 9. Re1 Bb7 10. a4 a5 {[%emt 0:01:53] [#]} 11. Nd5 $146 (11. d5 $11) ({Predecessor:} 11. dxe5 dxe5 12. b3 Re8 13. Ba3 Bf8 14. Bxf8 Kxf8 15. Qd2 Kg7 16. Rad1 Qe7 17. Nd5 Bxd5 18. exd5 {1-0 (84) Matlakov,M (2671)-Ibarra Jerez,J (2570) Chess.com INT 2022}) 11... Nxd5 (11... Nxe4 {keeps more tension.} 12. dxe5 Ndc5 13. exd6 Qxd6 14. c4 c6) 12. exd5 h6 (12... Bxd5 13. dxe5 Bb7 14. exd6 $14) 13. dxe5 dxe5 14. Be3 Kh7 15. d6 c6 (15... Qc8 $15) 16. Nd2 f5 {[%emt 0:03:03] Threatens to win with ...f4.} 17. Nc4 e4 18. Qd2 c5 {[%emt 0:08:45] Prevents Bd4.} (18... Ba6 $17 19. Bf1 Ra7) 19. h4 $11 Qf6 (19... Ba6 $5 20. Bf1 Bxc4 21. Bxc4 Ne5 $11) 20. Red1 Qe6 21. Bf1 Ne5 22. Nxe5 (22. Nxb6 $2 Nf3+ 23. Kh1 Nxd2 $19) 22... Bxe5 23. Bf4 Rad8 24. Bb5 (24. Bxh6 Rxd6 25. Qg5 Rf6 26. Rxd6 Qxd6 $15) 24... g5 {[%emt 0:01:45] Inhibits d7.} (24... Rxd6 $2 25. Qxd6 Bxd6 26. Rxd6 $18) (24... Bd4 $11) 25. hxg5 $16 ({Of course not} 25. Bxe5 Qxe5 26. Qc3 (26. hxg5 f4 $15) 26... Qxc3 27. bxc3 e3 $11) 25... hxg5 (25... Rxd6 $2 26. Qxd6 Bxd6 27. Rxd6 $18) 26. Bxe5 ({Reject} 26. Bxg5 Rxd6 27. Qe2 Bd5 $11) 26... Qxe5 ({Black should play} 26... f4) 27. Qxg5 {[%emt 0:00:18] [#] Hoping for Kg2.} Rxd6 28. Rxd6 (28. Qh5+ $16 Kg7 29. Rxd6 Qxd6 30. Rd1) 28... Qxd6 $11 29. Qh5+ (29. Kf1 {looks sharper.} Qh6 30. Qe7+ Qg7 31. Qd6) 29... Qh6 30. Qxh6+ Kxh6 {[%emt 0:00:05][%mdl 4096] Endgame KRB-KRB} 31. Rd1 {[%emt 0:00:03] Inhibits Rd8.} Rf6 {[%emt 0:02:23] Prevents Rd6.} 32. Kf1 (32. Rd7 $5 Bc6 33. Bxc6 Rxc6 34. Kf1 $11) 32... Kg5 {[%emt 0:01:23][%cal Bh6g5,Bg5g4,Bg4f4,Bf4e5][%mdl 32] The position is equal.} 33. Ke2 f4 34. Rd7 Bc8 35. Rd5+ Kg4 36. Bd7+ Bxd7 37. Rxd7 fxg3 38. Rg7+ Kf4 {[%emt 0:00:15] aiming for ...gxf2.} 39. fxg3+ Ke5 {[%emt 0:00:10] Weighted Error Value: White=0.17 (very precise) /Black=0.17 (very precise)} 1/2-1/2

[Event "ITT 1st Parada Jamundi 2022"]
[Site "Jamundi Valle"]
[Date "2022.12.07"]
[Round "3.8"]
[White "Mora Munoz, Alejandro"]
[Black "Rios, Cristhian Camilo"]
[Result "1/2-1/2"]
[ECO "B48"]
[WhiteElo "1959"]
[BlackElo "2456"]
[Annotator "TA"]
[PlyCount "84"]
[EventDate "2022.12.05"]
[EventType "swiss"]
[EventCountry "COL"]
[SourceTitle "playchess.com"]
[Source "ChessBase"]
[SourceQuality "1"]
[TimeControl "5400+30"]

1. e4 c5 2. Nf3 Nc6 3. d4 cxd4 4. Nxd4 e6 5. Nc3 Qc7 6. Be3 a6 7. g4 $1 {[%emt 0:02:32][%mdl 4] 7.g4 is setting a new trend. B48: Sicilian: Taimanov: 5 Nc3 Qc7 6 Be3 a6 without Be2.} b5 8. Nxc6 dxc6 9. f4 {[%emt 0:26:11][%cal Bf2f4,Bf4f5][%mdl 32] [#] White has an edge.} e5 $146 {[%emt 0:02:29] [#]} (9... Bb7 $11 {remains equal.}) ({Predecessor:} 9... Bb7 10. Bg2 Rd8 11. Qe2 Ne7 12. Qf2 Ng6 13. O-O c5 14. f5 Ne5 15. Bf4 Bd6 {0-1 (28) Samsonkin,A (2421)-Bosiocic,M (2536) Waterloo 2022}) 10. f5 $1 $16 Bb7 11. Bg2 Nf6 12. Qf3 (12. g5 $5 Nd7 13. Qh5 $14) 12... b4 {[%emt 0:09:53] Inhibits g5.} 13. Nd1 O-O-O 14. Nf2 Nd7 15. O-O Bc5 16. Nd3 Bxe3+ 17. Qxe3 c5 18. a3 a5 19. axb4 axb4 20. Rfc1 {[%emt 0:06:12] White has more active pieces.} (20. Ra7 {keeps more tension.} h5 21. g5 f6 22. Rfa1) 20... Qb6 21. b3 f6 22. Nb2 Ba6 (22... Qd6 $16) 23. Bf1 Bxf1 24. Kxf1 Qb5+ 25. Kg1 ({White should try} 25. c4 $18 Qc6 26. Ra5) 25... Nb6 26. c3 (26. Ra7 $18 {[%cal Oc1a1] aiming for Rca1!} Rd7 27. Rca1 Rxa7 28. Rxa7) 26... Kb7 $2 (26... Kb8 $16 {might work better.}) 27. cxb4 $18 Qxb4 28. Nd3 (28. Qxc5 Qd4+ 29. Kf1 Qxc5 30. Rxc5 Rd2 $14) (28. Rxc5 Qd4 29. Qxd4 Rxd4 $14) 28... Qd4 (28... Rxd3 29. Qxd3 Qd4+ 30. Qxd4 cxd4) 29. Nxc5+ Kb8 30. Na6+ Ka8 31. Nb4+ Kb7 {[%emt 0:00:07] [#]} 32. Ra7+ $3 Kxa7 33. Nc6+ Kb7 34. Nxd4 Rxd4 35. Ra1 (35. Qc3 Rc8 36. Qe3 Rxc1+ 37. Qxc1 Rxe4 $18) 35... Rc8 36. Qe2 {[%emt 0:00:25] Inhibits Rc2. Black must now prevent Qa6+.} Rc3 37. Qa6+ Kc6 38. Qa7 Rd7 39. Qb8 {[%emt 0:00:34] Threatens to win with b4.} ({Weaker is} 39. Qa6 Rc2 40. Qf1 (40. b4 Rdd2 $16) 40... Rdd2 $18) 39... Rc2 40. Qe8 Kb7 41. Qg8 h6 42. h3 $2 ({White should play} 42. b4 $18) 42... Kc7 $2 {[%emt 0:45:21][%mdl 40960] Weighted Error Value: White=0.50/Black=0.37. An unexpected result.} (42... Rdd2 $11) 1/2-1/2